 Dungeon Crawl Stone Soup version 0.31-a0-175-g9f7f995f2b (webtiles) character file.

Game seed: 2206464532012939256

94 qw the Shooter (level 4, -4/39 HPs)
             Began as a Naga Hunter on June 17, 2023.
             Slain by Grinder (5 damage)
             ... on level 3 of the Dungeon.
             The game lasted 00:00:45 (2062 turns).

qw the Shooter (Naga Hunter)                        Turns: 2062, Time: 00:00:46

Health: -4/39      AC:  8    Str: 14    XL:     4   Next: 63%
Magic:  4/4        EV:  7    Int:  9    God:
Gold:   151        SH:  5    Dex: 16    Spells: 3/3 levels left

rFire   . . .        Y - +0 shortbow
rCold   . . .        (shield currently unavailable)
rNeg    . . .        c - +0 leather armour
rPois   +            l - +0 helmet
rElec   .            (no cloak)
rCorr   .            (no gloves)
SInv    +            j - +0 barding
Will    .....        g - amulet of reflection
Stlth   ++           (no ring)
HPRegen 0.26/turn    (no ring)
MPRegen 0.09/turn

%: reflection
@: very slow
A: AC +1, large, see invisible, deformed body, poison resistance, slowness 2,
spit poison 1, naga tail 1
a: Spit Poison


You were on level 3 of the Dungeon.
You visited 1 branch of the dungeon, and saw 3 of its levels.

You collected 151 gold pieces.


Innate Abilities, Weirdness & Mutations

Your serpentine skin is tough. (AC +1)
You have supernaturally acute eyesight. (SInv)
Armour fits poorly on your strangely shaped body.
Your system is resistant to poisons. (rPois)
You cover ground very slowly.
You can spit poison.
You have a snake-like lower body.


   Skills:
 - Level 2.3 Fighting
 - Level 5.1 Ranged Weapons
 + Level 0.8 Armour
 - Level 1.5 Dodging
 - Level 1.5 Stealth


You had 3 spell levels left.
You didn't know any spells.
Your spell library was empty.

Inventory:

Hand Weapons
 Y - a +0 shortbow (weapon)
Armour
 c - a +0 leather armour (worn)
 j - a +0 barding (worn)
 l - a +0 helmet (worn)
Jewellery
 g - an amulet of reflection (around neck)
Scrolls
 a - a scroll of amnesia {unknown}
Potions
 b - a potion of ambrosia {unknown}
 d - a potion of heal wounds {unknown}
 e - a potion of haste {unknown}
 f - a potion of brilliance {unknown}
 h - 2 potions of curing
 i - a potion of invisibility {unknown}
 k - 2 potions of degeneration {unknown}

Dungeon Overview and Level Annotations

Branches:
Dungeon (3/15)

Altars:

Annotations:
D:2 1 runed translucent door, Crazy Yiuf
D:3 Grinder


Message History

Grinder is lightly wounded.
You block Grinder's attack.
You shoot an arrow. The arrow hits Grinder.
Grinder is lightly wounded.
Grinder barely misses you. Grinder completely misses you.
You shoot an arrow. The arrow closely misses Grinder.
Grinder says, "Tell me all your secrets, or I'll kill you."
Grinder hits you.
You shoot an arrow.
The arrow hits Grinder but does no damage.
Grinder is lightly wounded.
Grinder hits you.
You shoot an arrow. The arrow hits Grinder.
Grinder is lightly wounded.
Grinder hits you.
You writhe in agony.
You shoot an arrow. The arrow barely misses Grinder.
Grinder gestures at you. You resist with significant effort.
You shoot an arrow. The arrow hits Grinder.
Grinder is lightly wounded.
Grinder hits you.
You writhe in agony.
Grinder gestures at you.
You struggle to resist.
You shoot an arrow. The arrow closely misses Grinder.
Grinder hits you.
You shoot an arrow. The arrow hits Grinder.
Grinder is moderately wounded.
Grinder hits you.
You writhe in agony.
You shoot an arrow. The arrow hits Grinder.
Grinder is heavily wounded.
Grinder hits you but does no damage.
You shoot an arrow. The arrow barely misses Grinder.
Grinder misses you.
You shoot an arrow.
The arrow hits Grinder but does no damage.
Grinder is heavily wounded.
Grinder hits you.
You writhe in agony.
Grinder hits you!
You shoot an arrow. The arrow closely misses Grinder.
Grinder hits you.
You writhe in agony.
You die...

#....#.#...#####.#
##......#...#####.##
............>......#
............#####..#
........##..#####..####
##......##........<...#
#.........######..##.#
#...####### #.....##.##
###.# #.#@5.....# .#
#...#..#..# .# ##.##..#
#.##..# ####. #.##..#
..... #.# ##### #####.#
#.....# #.#####


You could see Grinder.

Vanquished Creatures
  Robin (D:2)
  2 worms (D:2)
  5 dart slugs
  A ball python (D:2)
  10 endoplasms
  5 giant cockroaches
  11 goblins
  7 hobgoblins
  4 kobolds
  A quokka (D:3)
  4 bats
  3 frilled lizards
  4 rats
58 creatures vanquished.

Notes
Turn   | Place    | Note
-------+----------+-------------------------------------------
     0 | D:1      | qw the Naga Hunter began the quest for the Orb.
     0 | D:1      | Reached XP level 1. HP: 19/19 MP: 1/1
     0 | D:1      | 0 ||| qw: Version: 0.3-a-3-g30531e4
     0 | D:1      | 0 ||| qw: Game counter: 401
     0 | D:1      | 0 ||| qw: Always use a shield: true
     0 | D:1      | 0 ||| qw: God list: Okawaru
     0 | D:1      | 0 ||| qw: Allow faded altars: false
     0 | D:1      | 0 ||| qw: Do Orc after D:15 true
     0 | D:1      | 0 ||| qw: Do second Lair branch before Depths: true
     0 | D:1      | 0 ||| qw: Lair rune preference: random
     0 | D:1      | 0 ||| qw: Plans: Normal
     0 | D:1      | 0 ||| PLANNING D:1-11
    52 | D:1      | 52 ||| INVOKING Spit Poison.
   125 | D:1      | 125 ||| INVOKING Spit Poison.
   131 | D:1      | 131 ||| INVOKING Spit Poison.
   132 | D:1      | Reached skill level 4 in Ranged Weapons
   132 | D:1      | Reached XP level 2. HP: 26/26 MP: 2/2
   309 | D:1      | 309 ||| INVOKING Spit Poison.
   310 | D:1      | 310 ||| INVOKING Spit Poison.
   327 | D:1      | 327 ||| INVOKING Spit Poison.
   328 | D:1      | 328 ||| INVOKING Spit Poison.
   331 | D:1      | 331 ||| INVOKING Spit Poison.
   334 | D:1      | 334 ||| INVOKING Spit Poison.
   335 | D:1      | 335 ||| INVOKING Spit Poison.
   382 | D:1      | 382 ||| INVOKING Spit Poison.
   396 | D:1      | Reached XP level 3. HP: 29/32 MP: 3/3
   445 | D:1      | 445 ||| INVOKING Spit Poison.
   502 | D:1      | Found a faded altar of an unknown god.
   507 | D:1      | 507 ||| INVOKING Spit Poison.
   510 | D:1      | 510 ||| INVOKING Spit Poison.
   905 | D:1      | 905 ||| UPGRADING to +0 barding.
   910 | D:1      | 910 ||| UPGRADING to amulet of reflection.
   915 | D:1      | 915 ||| DROPPING scroll of butterflies.
   948 | D:2      | 948 ||| INVOKING Spit Poison.
   981 | D:2      | 981 ||| INVOKING Spit Poison.
  1025 | D:2      | 1025 ||| INVOKING Spit Poison.
  1058 | D:2      | Found a runed translucent door.
  1059 | D:2      | Noticed Crazy Yiuf
  1199 | D:2      | Noticed Robin
  1201 | D:2      | 1201 ||| INVOKING Spit Poison.
  1206 | D:2      | 1206 ||| INVOKING Spit Poison.
  1210 | D:2      | 1210 ||| INVOKING Spit Poison.
  1215 | D:2      | 1215 ||| INVOKING Spit Poison.
  1216 | D:2      | Killed Robin
  1217 | D:2      | Reached skill level 5 in Ranged Weapons
  1217 | D:2      | Reached XP level 4. HP: 36/39 MP: 4/4
  1249 | D:2      | 1249 ||| INVOKING Spit Poison.
  1254 | D:2      | 1254 ||| INVOKING Spit Poison.
  1261 | D:2      | 1261 ||| INVOKING Spit Poison.
  1284 | D:2      | 1284 ||| INVOKING Spit Poison.
  1306 | D:2      | 1306 ||| INVOKING Spit Poison.
  1409 | D:2      | 1409 ||| INVOKING Spit Poison.
  1413 | D:2      | 1413 ||| INVOKING Spit Poison.
  1605 | D:2      | 1605 ||| UPGRADING to +0 helmet.
  1610 | D:2      | 1610 ||| READING scroll labelled VIUS JUCSUAXKE.
  1611 | D:2      | 1611 ||| READING scroll labelled NESOASSOCU.
  1657 | D:3      | 1657 ||| INVOKING Spit Poison.
  1662 | D:3      | 1662 ||| INVOKING Spit Poison.
  1697 | D:3      | 1697 ||| INVOKING Spit Poison.
  1701 | D:3      | 1701 ||| INVOKING Spit Poison.
  1765 | D:3      | 1765 ||| INVOKING Spit Poison.
  1769 | D:3      | 1769 ||| INVOKING Spit Poison.
  1887 | D:3      | 1887 ||| INVOKING Spit Poison.
  1892 | D:3      | 1892 ||| INVOKING Spit Poison.
  1893 | D:3      | 1893 ||| INVOKING Spit Poison.
  2044 | D:3      | Noticed Grinder
  2046 | D:3      | Paralysed by Grinder for 2 turns
  2061 | D:3      | HP: 8/39 [Grinder (2)]
  2061 | D:3      | HP: 1/39 [Grinder (7)]
  2062 | D:3      | Slain by Grinder

Levels and vault maps discovered:
D:1:      tarquinn_simple_flora_water_b, layout_basic,
          shapermc_ecumenical_altar_mp_highgroup
D:2:      wander_river, layout_loops_ring, columned_hall_lemuel,
          uniq_crazy_yiuf_cottage, uniq_robin
D:3:      layout_loops_ring, uniq_grinder

Skill      XL: |  1  2  3 |
---------------+----------+-----
Ranged Weapons | 4 5 |  5.1
Fighting       | |  2.3
Armour         | |  0.8
Dodging        | |  1.5
Stealth        | |  1.5

Action                     |  1- 3 |  4- 6 || total
---------------------------+-------+-------++-------
   Fire: Shortbow          |    88 |    55 ||   143
Ability: Spit Poison       |    18 |    15 ||    33
    Use: Scroll            |       |     2 ||     2
 Armour: Leather armour    |     2 |     3 ||     5
  Dodge: Dodged            |    13 |     6 ||    19
  Block: Other             |     1 |     2 ||     3
         Reflection        |     1 |       ||     1

Table legend:
 A = Non-vault XP
 B = Vault XP
 C = Vault XP percentage of total XP
 D = Non-vault monster count
 E = Vault monster count
 F = Vault count percentage of total count
                 A         B        C        D         E       F
            +---------+---------+-------+---------+---------+-------
      Total |     107 |      28 |  20.7 |      51 |       7 |  12.1
            +---------+---------+-------+---------+---------+-------
        D:1 |      48 |       0 |   0.0 |      22 |       0 |   0.0
        D:2 |      35 |      28 |  44.4 |      16 |       7 |  30.4
        D:3 |      24 |       0 |   0.0 |      13 |       0 |   0.0
            +---------+---------+-------+---------+---------+-------
